General information
- name: BNet
- type: Ladder team game (AT/RT)
- host: Battle.net
- saver: ThulsaDoom
map: Friends
- players: 8
- length: 28:11
- speed: Fast
- version: 1.29 W3XP
- replay type: Public
» download(319 KB)
Players
team 1 (winner)
Martinek_Cz (
red | 85 APM | 2401 actions | 28:11)
5 Demon Hunter
3 Mana Burn
2 Evasion
7 Keeper of the Grove
3 Entangling Roots
3 Thorns Aura
1 Tranquility
» actions
| Assign group hotkey | 27 | |
| Basic commands | 149 | |
| Build / train | 75 | |
| Enter build submenu | 21 | |
| Enter hero's abilities submenu | 12 | |
| Give item / drop item | 1 | |
| Remove unit from queue | 4 | |
| Right click | 1201 | |
| Select / deselect | 561 | |
| Select group hotkey | 259 | |
| Use ability | 91 | |
2401 total
» units
| Wisp | 15 | |
| Archer | 3 | |
| Huntress | 4 | |
| Dryad | 11 | |
| Forest Troll Shadow Priest | 2 | |
| Goblin Zeppelin | 1 | |
| Mountain Giant | 6 | |
42 total
» upgrades
| Ultravision | 1 | |
| Strength of the Wild | 3 | |
| Abolish Magic | 1 | |
| Resistant Skin | 1 | |
| Hardened Skin | 1 | |
| Reinforced Hides | 1 | |
| Well Spring | 1 | |
9 total
» buildings
| Altar of Elders | 1 | |
| Moon Well | 9 | |
| Ancient of War | 1 | |
| Hunter's Hall | 1 | |
| Ancient of Wonders | 1 | |
| Tree of Ages | 1 | |
| Ancient Protector | 1 | |
| Ancient of Lore | 2 | |
| Tree of Eternity | 1 | |
18 total
» build order
00:10 Altar of Elders
00:19 Moon Well
00:39 Ancient of War
02:00 Moon Well
02:41 Hunter's Hall
03:01 Ancient of Wonders
03:31 Moon Well
04:32 Tree of Ages
05:03 Ancient Protector
05:06 Moon Well
06:10 Moon Well
06:14 Moon Well
07:32 Ancient of Lore
08:22 Ancient of Lore
09:29 Moon Well
10:46 Tree of Eternity
15:47 Moon Well
15:47 Moon Well
» items
| Rod of Necromancy | 1 | |
| Stone Token | 1 | |
| Potion of Healing | 1 | |
| Lesser Clarity Potion | 1 | |
| Scroll of Town Portal | 1 | |
5 total
morkou. (
purple | 83 APM | 2337 actions | 28:11)
6 Keeper of the Grove
2 Force of Nature
2 Entangling Roots
1 Thorns Aura
1 Tranquility
5 Priestess of the Moon
2 Trueshot Aura
3 Searing Arrows
» actions
| Assign group hotkey | 115 | |
| Build / train | 152 | |
| Enter build submenu | 20 | |
| Enter hero's abilities submenu | 13 | |
| Remove unit from queue | 5 | |
| Right click | 836 | |
| Select / deselect | 545 | |
| Select group hotkey | 559 | |
| Use ability | 91 | |
2337 total
» units
| Wisp | 31 | |
| Archer | 14 | |
| Hippogryph | 29 | |
| Chimaera | 14 | |
88 total
» upgrades
| Strength of the Moon | 2 | |
| Improved Bows | 1 | |
| Hippogryph Taming | 1 | |
| Moon Armor | 1 | |
| Strength of the Wild | 3 | |
| Marksmanship | 1 | |
| Reinforced Hides | 2 | |
| Corrosive Breath | 1 | |
12 total
» buildings
| Moon Well | 7 | |
| Altar of Elders | 1 | |
| Ancient of War | 1 | |
| Ancient of Wonders | 1 | |
| Tree of Ages | 4 | |
| Hunter's Hall | 1 | |
| Tree of Eternity | 4 | |
| Ancient of Wind | 2 | |
| Tree of Life | 3 | |
| Chimaera Roost | 2 | |
| Ancient Protector | 1 | |
27 total
» build order
00:16 Moon Well
00:39 Altar of Elders
00:45 Ancient of War
01:36 Moon Well
02:16 Ancient of Wonders
03:06 Moon Well
04:01 Tree of Ages
04:02 Tree of Ages
04:57 Hunter's Hall
06:24 Tree of Eternity
06:28 Ancient of Wind
06:29 Ancient of Wind
07:06 Moon Well
07:43 Tree of Life
09:30 Tree of Eternity
09:31 Tree of Eternity
10:24 Moon Well
12:27 Chimaera Roost
12:28 Chimaera Roost
14:41 Tree of Life
15:25 Moon Well
19:41 Tree of Life
22:57 Tree of Ages
22:57 Tree of Ages
24:03 Moon Well
25:19 Tree of Eternity
25:19 Tree of Eternity
25:48 Ancient Protector
» items
| Lesser Clarity Potion | 8 | |
| Scroll of Town Portal | 3 | |
11 total

»
whitemale (
pink | 134 APM | 3770 actions | 28:11)
7 Death Knight
3 Death Coil
3 Unholy Aura
1 Animate Dead
7 Lich
3 Frost Nova
3 Frost Armor
1 Death and Decay
3 Dreadlord
2 Sleep
1 Carrion Swarm
» actions
| Assign group hotkey | 49 | |
| Basic commands | 143 | |
| Build / train | 100 | |
| ESC pressed | 2 | |
| Enter build submenu | 25 | |
| Enter hero's abilities submenu | 18 | |
| Right click | 1027 | |
| Select / deselect | 611 | |
| Select group hotkey | 1614 | |
| Use ability | 181 | |
3770 total
» units
| Acolyte | 18 | |
| Ghoul | 4 | |
| Crypt Fiend | 6 | |
| Goblin Shredder | 1 | |
| Obsidian Statue | 9 | |
| Frost Wyrm | 7 | |
| Goblin Zeppelin | 1 | |
46 total
» upgrades
| Creature Attack | 3 | |
| Web | 1 | |
| Destroyer Form | 1 | |
| Creature Carapace | 3 | |
| Freezing Breath | 1 | |
9 total
» buildings
| Graveyard | 1 | |
| Crypt | 1 | |
| Ziggurat | 9 | |
| Altar of Darkness | 1 | |
| Tomb of Relics | 1 | |
| Halls of the Dead | 2 | |
| Slaughterhouse | 1 | |
| Black Citadel | 1 | |
| Sacrificial Pit | 1 | |
| Necropolis | 2 | |
| Boneyard | 2 | |
| Nerubian Tower | 1 | |
| Spirit Tower | 1 | |
24 total
» build order
00:06 Graveyard
00:08 Crypt
00:12 Ziggurat
00:48 Altar of Darkness
01:22 Ziggurat
01:49 Tomb of Relics
02:48 Ziggurat
03:36 Halls of the Dead
03:36 Halls of the Dead
05:11 Ziggurat
06:00 Slaughterhouse
08:14 Black Citadel
08:49 Ziggurat
08:50 Ziggurat
09:35 Sacrificial Pit
10:20 Necropolis
11:19 Boneyard
11:22 Boneyard
12:22 Ziggurat
12:23 Ziggurat
18:13 Nerubian Tower
18:14 Spirit Tower
18:16 Ziggurat
20:31 Necropolis
» items
| Rod of Necromancy | 3 | |
| Orb of Corruption | 2 | |
| Scroll of Town Portal | 2 | |
| Belt of Giant Strength +6 | 1 | |
| Sobi Mask | 1 | |
| Demonic Figurine | 1 | |
| Book of the Dead | 1 | |
| Potion of Healing | 3 | |
| Potion of Mana | 2 | |
| Scroll of Healing | 2 | |
18 total
Mr__Plum (
green | 25 APM | 717 actions | 28:11)
5 Mountain King
3 Storm Bolt
2 Thunder Clap
4 Blood Mage
2 Flame Strike
2 Siphon Mana
» actions
| Basic commands | 46 | |
| Build / train | 82 | |
| Enter build submenu | 25 | |
| Enter hero's abilities submenu | 9 | |
| Remove unit from queue | 1 | |
| Right click | 158 | |
| Select / deselect | 319 | |
| Use ability | 77 | |
717 total
» units
| Peasant | 26 | |
| Footman | 16 | |
| Forest Troll Shadow Priest | 1 | |
| Priest | 4 | |
| Sorceress | 5 | |
| Siege Engine | 4 | |
| Knight | 3 | |
| Spell Breaker | 1 | |
60 total
» upgrades
| Defend | 1 | |
| Barrage | 1 | |
| Lumber Harvesting | 1 | |
3 total
» buildings
| Altar of Kings | 1 | |
| Farm | 9 | |
| Barracks | 1 | |
| Lumber Mill | 1 | |
| Arcane Vault | 2 | |
| Keep | 1 | |
| Blacksmith | 1 | |
| Arcane Sanctum | 1 | |
| Castle | 1 | |
| Workshop | 2 | |
| Town Hall | 2 | |
| Scout Tower | 3 | |
| Cannon Tower | 2 | |
27 total
» build order
00:18 Altar of Kings
00:24 Farm
00:38 Barracks
01:02 Lumber Mill
01:26 Arcane Vault
01:35 Farm
02:16 Farm
03:39 Farm
04:19 Farm
05:34 Farm
06:17 Keep
06:23 Blacksmith
08:04 Farm
08:44 Arcane Sanctum
09:34 Castle
10:00 Workshop
11:11 Workshop
12:38 Arcane Vault
15:12 Farm
16:25 Farm
19:54 Town Hall
25:03 Town Hall
25:56 Scout Tower
25:57 Scout Tower
26:01 Scout Tower
26:30 Cannon Tower
26:33 Cannon Tower
» items
| Lesser Clarity Potion | 2 | |
| Scroll of Regeneration | 2 | |
4 total
team 2 (loser)

»
ThulsaDoom (
orange | 86 APM | 2423 actions | 28:11)
7 Warden
3 Fan of Knives
3 Blink
1 Spirit of Vengeance
» actions
| Assign group hotkey | 60 | |
| Basic commands | 31 | |
| Build / train | 93 | |
| Enter build submenu | 57 | |
| Enter hero's abilities submenu | 7 | |
| Give item / drop item | 1 | |
| Remove unit from queue | 2 | |
| Right click | 1510 | |
| Select / deselect | 301 | |
| Select group hotkey | 128 | |
| Use ability | 230 | |
2423 total
» units
» upgrades
| Well Spring | 1 | |
| Nature's Blessing | 1 | |
2 total
» buildings
| Moon Well | 39 | |
| Altar of Elders | 2 | |
| Ancient of War | 1 | |
| Tree of Ages | 1 | |
| Ancient of Wonders | 2 | |
| Hunter's Hall | 1 | |
| Tree of Eternity | 1 | |
| Tree of Life | 1 | |
| Ancient Protector | 17 | |
65 total
» build order
00:12 Moon Well
01:13 Altar of Elders
01:20 Ancient of War
01:24 Moon Well
02:09 Moon Well
02:38 Moon Well
03:02 Moon Well
04:16 Moon Well
05:01 Tree of Ages
05:32 Ancient of Wonders
06:29 Hunter's Hall
07:07 Moon Well
07:24 Tree of Eternity
08:35 Moon Well
08:39 Moon Well
08:44 Moon Well
08:44 Moon Well
08:44 Moon Well
08:44 Moon Well
09:20 Tree of Life
12:13 Moon Well
12:13 Moon Well
12:14 Moon Well
12:14 Moon Well
12:14 Moon Well
14:27 Moon Well
14:27 Moon Well
14:27 Moon Well
14:27 Moon Well
14:28 Moon Well
15:30 Ancient Protector
15:31 Ancient Protector
15:31 Ancient Protector
15:32 Ancient Protector
16:43 Ancient Protector
16:43 Ancient Protector
16:43 Ancient Protector
16:44 Ancient Protector
17:16 Ancient Protector
17:17 Ancient Protector
17:17 Ancient Protector
17:52 Moon Well
17:52 Moon Well
17:54 Moon Well
17:55 Moon Well
17:55 Moon Well
17:56 Moon Well
17:58 Moon Well
19:24 Ancient of Wonders
19:42 Ancient Protector
19:43 Ancient Protector
19:44 Ancient Protector
19:44 Ancient Protector
19:44 Ancient Protector
19:45 Ancient Protector
23:05 Altar of Elders
25:55 Moon Well
25:55 Moon Well
25:56 Moon Well
25:56 Moon Well
25:56 Moon Well
25:57 Moon Well
25:57 Moon Well
25:58 Moon Well
25:58 Moon Well
» items
| Potion of Healing | 5 | |
| Potion of Mana | 5 | |
| Orb of Venom | 1 | |
| Scroll of Town Portal | 4 | |
| Anti-magic Potion | 2 | |
| Potion of Divinity | 1 | |
| Scourge Bone Chimes | 1 | |
| Healing Salve | 1 | |
20 total
Matheis (
yellow | 84 APM | 2229 actions | 26:30)
5 Blademaster
2 Wind Walk
3 Critical Strike
5 Shadow Hunter
3 Hex
2 Healing Wave
» actions
| Assign group hotkey | 28 | |
| Basic commands | 47 | |
| Build / train | 73 | |
| Enter build submenu | 15 | |
| Enter hero's abilities submenu | 11 | |
| Give item / drop item | 3 | |
| Remove unit from queue | 2 | |
| Right click | 974 | |
| Select / deselect | 385 | |
| Select group hotkey | 589 | |
| Use ability | 102 | |
2229 total
» units
| Peon | 7 | |
| Grunt | 6 | |
| Forest Troll Shadow Priest | 1 | |
| Raider | 4 | |
| Troll Batrider | 11 | |
| Wind Rider | 7 | |
| Goblin Zeppelin | 1 | |
| Frost Wyrm | 1 | |
| Acolyte | 1 | |
39 total
» upgrades
| Armor | 2 | |
| Berserker Strength | 1 | |
| Ensnare | 1 | |
| Pillage | 1 | |
| Melee Weapons | 1 | |
| Envenomed Spears | 1 | |
| Ranged Weapons | 2 | |
9 total
» buildings
| Altar of Storms | 1 | |
| Orc Burrow | 8 | |
| Barracks | 1 | |
| War Mill | 1 | |
| Voodoo Lounge | 1 | |
| Stronghold | 1 | |
| Watch Tower | 5 | |
| Beastiary | 2 | |
| Fortress | 1 | |
21 total
» build order
00:12 Altar of Storms
00:21 Orc Burrow
00:36 Barracks
01:48 Orc Burrow
03:08 War Mill
04:08 Voodoo Lounge
04:29 Stronghold
04:39 Orc Burrow
04:40 Orc Burrow
04:42 Orc Burrow
04:46 Orc Burrow
05:45 Watch Tower
05:47 Watch Tower
07:10 Beastiary
07:11 Beastiary
07:54 Orc Burrow
07:55 Orc Burrow
12:42 Fortress
17:59 Watch Tower
18:00 Watch Tower
18:01 Watch Tower
» items
| Healing Salve | 2 | |
| Lesser Clarity Potion | 2 | |
| Scroll of Speed | 1 | |
| Scroll of Town Portal | 3 | |
| Orb of Lightning | 1 | |
9 total
Duffos (
teal | 51 APM | 1139 actions | 22:25)
5 Death Knight
3 Death Coil
2 Unholy Aura
5 Lich
3 Frost Nova
2 Frost Armor
» actions
| Assign group hotkey | 26 | |
| Basic commands | 6 | |
| Build / train | 48 | |
| Enter build submenu | 21 | |
| Enter hero's abilities submenu | 10 | |
| Give item / drop item | 1 | |
| Remove unit from queue | 1 | |
| Right click | 485 | |
| Select / deselect | 238 | |
| Select group hotkey | 240 | |
| Use ability | 62 | |
1139 total
» units
| Acolyte | 3 | |
| Ghoul | 3 | |
| Crypt Fiend | 9 | |
| Frost Wyrm | 3 | |
| Goblin Zeppelin | 1 | |
19 total
» upgrades
| Creature Attack | 3 | |
| Creature Carapace | 3 | |
| Web | 1 | |
| Burrow | 1 | |
8 total
» buildings
| Ziggurat | 7 | |
| Altar of Darkness | 1 | |
| Crypt | 1 | |
| Tomb of Relics | 1 | |
| Graveyard | 1 | |
| Nerubian Tower | 1 | |
| Halls of the Dead | 1 | |
| Black Citadel | 1 | |
| Sacrificial Pit | 1 | |
| Boneyard | 2 | |
| Spirit Tower | 1 | |
18 total
» build order
00:11 Ziggurat
00:13 Altar of Darkness
00:34 Crypt
00:53 Tomb of Relics
01:17 Graveyard
01:56 Ziggurat
02:51 Nerubian Tower
04:44 Halls of the Dead
04:49 Ziggurat
06:33 Ziggurat
06:43 Ziggurat
09:30 Black Citadel
11:56 Sacrificial Pit
14:13 Boneyard
14:13 Boneyard
15:21 Spirit Tower
17:51 Ziggurat
17:52 Ziggurat
» items
| Rod of Necromancy | 2 | |
| Orb of Corruption | 1 | |
| Scroll of Town Portal | 1 | |
4 total
SLO-GER (
blue | 42 APM | 1123 actions | 26:38)
5 Archmage
3 Summon Water Elemental
2 Brilliance Aura
1 Paladin
1 Divine Shield
» actions
| Build / train | 73 | |
| Enter build submenu | 28 | |
| Enter hero's abilities submenu | 6 | |
| Remove unit from queue | 4 | |
| Right click | 648 | |
| Select / deselect | 284 | |
| Use ability | 80 | |
1123 total
» units
| Peasant | 18 | |
| Footman | 7 | |
| Goblin Shredder | 1 | |
| Gryphon Rider | 8 | |
| Knight | 4 | |
| Rifleman | -1 | |
| Frost Wyrm | 3 | |
| Gargoyle | 4 | |
44 total
» upgrades
| Masonry | 3 | |
| Animal War Training | 1 | |
| Gunpowder | 1 | |
| Storm Hammers | 1 | |
| Swords | 2 | |
| Armor | 2 | |
| Unholy Strength | 1 | |
11 total
» buildings
| Lumber Mill | 2 | |
| Altar of Kings | 1 | |
| Farm | 10 | |
| Barracks | 1 | |
| Scout Tower | 2 | |
| Keep | 1 | |
| Arcane Tower | 1 | |
| Guard Tower | 1 | |
| Castle | 1 | |
| Gryphon Aviary | 3 | |
| Blacksmith | 1 | |
| Town Hall | 3 | |
| Arcane Vault | 1 | |
| Ziggurat | 3 | |
31 total
» build order
00:25 Lumber Mill
00:36 Altar of Kings
00:50 Farm
01:11 Barracks
01:44 Farm
02:15 Farm
03:05 Scout Tower
03:56 Keep
04:02 Scout Tower
04:05 Arcane Tower
04:30 Guard Tower
04:34 Farm
05:46 Farm
06:26 Lumber Mill
06:31 Castle
06:36 Gryphon Aviary
06:38 Gryphon Aviary
06:42 Gryphon Aviary
07:13 Farm
07:19 Blacksmith
10:24 Farm
10:26 Farm
10:58 Town Hall
11:37 Farm
12:22 Farm
16:10 Arcane Vault
19:44 Town Hall
20:39 Town Hall
23:27 Ziggurat
23:30 Ziggurat
23:38 Ziggurat
» items
Chat log
(01:48 / Allies) Duffos: lol all 4 races :p
(03:25 / Allies) Duffos: lets creep yellow
(04:22 / Allies) ThulsaDoom: it's hard to creep
(04:27 / Allies) ThulsaDoom: we don't have enough
(04:28 / Allies) Duffos: duo do it
(04:36 / Allies) ThulsaDoom: blue
(04:57 / Allies) SLO-GER: with shredder we can
(06:03 / Allies) ThulsaDoom: open the path
(06:05 / Allies) ThulsaDoom: with shredder
(06:10 / Allies) ThulsaDoom: nvm
(07:03 / Allies) Duffos: lets wait a bit
(07:05 / Allies) Duffos: for second hero
(07:21 / Allies) ThulsaDoom: I need help creeping expo
(07:48 / Allies) Duffos: sec
(07:50 / Allies) Duffos: second hero
(07:54 / Allies) Duffos: 50%
(09:03 / Allies) Duffos: attack
(11:59 / Allies) ThulsaDoom: b
(12:02 / Allies) ThulsaDoom: b to base
(12:03 / Allies) ThulsaDoom: b to base
(15:14 / Allies) ThulsaDoom: more toewrs
(16:14 / Allies) ThulsaDoom: blue I give you this flute
(16:28 / Allies) SLO-GER: ?
(16:31 / Allies) ThulsaDoom: take
(16:35 / Allies) ThulsaDoom: flute
(16:37 / Allies) Duffos: omw
(17:46 / Allies) ThulsaDoom: we need help at our base
(18:15 / Allies) ThulsaDoom: repair
(19:24 / Allies) Duffos: co!unter
(19:37 / Allies) SLO-GER: 2 mains down
(20:35 / Allies) ThulsaDoom: b
(22:21 / Allies) Duffos: they all have 2 bases we have none
(22:57 / Allies) ThulsaDoom: we needed bats lawl
(23:45 / Allies) ThulsaDoom: is there tavern on this map
(23:50 / Allies) ThulsaDoom: aw yes
(24:38 / Allies) SLO-GER: tp out
(26:21 / All) Matheis: gg
(28:10 / All) ThulsaDoom: pro, no upgraded burrows